 Dungeon Crawl Stone Soup version 0.29.1-2-gbd0b4ee654 (webtiles) character file.

Game seed: 9226517416614933752

205 cdecastro the Chopper (level 5, -3/43 HPs)
             Began as a Palentonga Berserker on Nov 30, 2022.
             Was a Believer of Trog.
             Succumbed to an orc wizard's poison
             ... on level 3 of the Dungeon.
             The game lasted 00:05:37 (3778 turns).

cdecastro the Chopper (Palentonga Berserker)        Turns: 3778, Time: 00:05:38

Health: -3/43      AC: 11    Str: 24    XL:     5   Next: 53%
Magic:  5/5        EV:  6    Int: 13    God:    Trog [**....]
Gold:   151        SH:  0    Dex: 10    Spells: 4/4 levels left

rFire   . . .      SeeInvis +   a - +0 hand axe
rCold   . . .      Faith    .   (no shield)
rNeg    . . .      Spirit   .   r - +3 chain mail
rPois   .          Reflect  .   h - +0 helmet
rElec   .          Harm     .   (no cloak)
rCorr   .          Rampage  .   (no gloves)
Will    .....                   (no barding)
Stlth   ..........              (no amulet)
HPRegen 0.14/turn               d - +6 ring of intelligence
MPRegen 0.09/turn               (no ring)

@: confused, lethally poisoned (-3 -> -21), on berserk cooldown, flying, slowed,
very slow
A: large, rugged brown scales 3, see invisible, deformed body, roll 1, armoured
tail
a: Rolling Charge, Renounce Religion, Berserk, Trog's Hand


You were on level 3 of the Dungeon.
You worshipped Trog.
Trog was pleased with you.
You visited 1 branch of the dungeon, and saw 4 of its levels.

You collected 151 gold pieces.

Inventory:

Hand Weapons
 a - a +0 hand axe (weapon)
Missiles
 l - 7 boomerangs
Armour
 h - a +0 helmet (worn)
 r - a +3 chain mail (worn)
Jewellery
 d - a +6 ring of intelligence (left hand)
 m - a ring of protection from cold
Wands
 p - a wand of flame (8)
Scrolls
 b - 4 scrolls of poison {unknown}
 c - 3 scrolls of vulnerability {unknown}
 e - 3 scrolls of teleportation {unknown}
 f - 8 scrolls of identify {unknown}
 g - 2 scrolls of brand weapon {unknown}
 k - a scroll of acquirement {unknown}
 s - a scroll of immolation {unknown}
Potions
 i - a potion of flight
 j - 2 potions of heal wounds {unknown}
 n - 2 potions of mutation {unknown}
 o - a potion of haste {unknown}
 q - 2 potions of curing {unknown}
 t - a potion of resistance {unknown}


   Skills:
 - Level 3.0 Fighting
 + Level 6.3 Axes
 - Level 1.5 Armour
 - Level 1.5 Dodging


You had 4 spell levels left.
You didn't know any spells.
Your spell library was empty.

Dungeon Overview and Level Annotations

Branches:
Dungeon (4/15)
 Temple: D:4-7

Altars:
Yredelemnul

Annotations:
D:3 3 runed translucent doors, cdecastro's ghost, weakling SpEn


Innate Abilities, Weirdness & Mutations

You are completely covered in rugged brown scales. (AC +3, +7% HP)
You have supernaturally acute eyesight. (SInv)
Armour fits poorly on your strangely shaped body.
You can roll at nearby foes to attack.
You have a long armoured tail.


Message History

The orc wizard casts a spell at you. You resist with some effort.
The orc hits you with a +0 morningstar.
Things that are here:
a +0 hand axe; an orc corpse You enter the shallow water.
Moving in this stuff is going to be slow.
You feel sick.
The orc wizard points at you and mumbles some strange words.
You resist with some effort.
The orc splashes around in the water.
Unknown command.
You feel less confused.
You feel sick.
You are no longer poisoned.
The orc splashes around in the water.
The orc wizard hits you with a +2 dagger of venom.
* * * LOW HITPOINT WARNING * * *
You are poisoned.
The orc hits you but does no damage.
The orc wizard points at you and mumbles some strange words.
You are confused.
The orc hits you with a +0 morningstar.
* * * LOW HITPOINT WARNING * * *
The orc wizard mumbles some strange words.
The orc wizard flickers and vanishes for a moment.
There is a stone staircase leading down here.
Unknown command.
Okay, then.
Unknown command.
You slash the orc wizard!
The orc wizard is heavily wounded.
You miss the orc.
You feel very sick.
The orc wizard hits you but does no damage.
You are lethally poisoned!
The orc hits you with a +0 morningstar!
* * * LOW HITPOINT WARNING * * *
It was a potion of flight.
You feel very buoyant.
You fly up into the air.
You die...

######'#######...~~~~≈≈~....
####.##......~~≈~~~≈≈≈#~..
###....##.....~~#≈≈≈~~≈≈≈≈~.
##.#.#####.....≈≈≈≈≈≈≈~≈###≈.
#....+.!##....#≈≈≈≈≈≈≈~~≈≈≈≈≈
#._..+.$##...~~≈≈≈~≈≈~~≈≈~~#~
#....+.W##...#≈~≈.~≈...~~).≈≈
##.#.#####....~~..:..<..[..~~
###....##..@o≈≈...~.⌠.#~~.≈≈
####.##.o)~~≈≈~~≈~~#~≈<~~≈
#'##....~~≈≈~~~≈≈≈~≈≈≈≈
#........~~≈≈~~~~≈≈≈≈~.
####.....#≈~≈≈≈~~~≈≈~≈.
#.....#~≈~≈≈≈#~≈≈~..
#........≈#~#≈~≈....
#.....#.##~~.~~##...
#.....######........


You could see an orc wizard (invisible) and an orc.

Vanquished Creatures
  Jessica (D:3)
  Terence (D:2)
  A scorpion zombie (D:3)
  Robin (D:2)
  3 gnolls (D:2)
  An adder zombie (D:3)
  A worm (D:3)
  6 dart slugs (D:3)
  5 orcs
  3 bats
  4 endoplasms
  2 giant cockroaches (D:1)
  8 hobgoblins
  A quokka (D:1)
  3 ball pythons
  3 frilled lizards
  15 goblins
  8 kobolds
  4 rats
71 creatures vanquished.

Vanquished Creatures (others)
  3 plants (D:1)
3 creatures vanquished.

Grand Total: 74 creatures vanquished

Notes
Turn   | Place    | Note
-------+----------+-------------------------------------------
     0 | D:1      | cdecastro the Palentonga Berserker began the quest for the
                  | Orb.
     0 | D:1      | Reached XP level 1. HP: 19/19 MP: 1/1
   223 | D:1      | Reached XP level 2. HP: 19/25 MP: 2/2
   790 | D:1      | Found a faded altar of an unknown god.
   892 | D:1      | Reached skill level 4 in Axes
  1512 | D:2      | Noticed Terence
  1516 | D:2      | Killed Terence
  1517 | D:2      | Reached XP level 3. HP: 27/31 MP: 3/3
  1699 | D:2      | Reached ** piety under Trog
  1939 | D:2      | Noticed Robin
  1943 | D:2      | Reached XP level 4. HP: 30/37 MP: 4/4
  1957 | D:2      | Killed Robin
  1958 | D:2      | Reached skill level 5 in Axes
  2975 | D:3      | Noticed Jessica
  2993 | D:3      | Killed Jessica
  2994 | D:3      | Reached XP level 5. HP: 30/43 MP: 5/5
  3239 | D:3      | Reached skill level 6 in Axes
  3640 | D:3      | Found a runed translucent gate.
  3640 | D:3      | Found a runed translucent gate.
  3640 | D:3      | Found a runed translucent gate.
  3640 | D:3      | Noticed cdecastro's ghost (weakling SpEn)
  3642 | D:3      | Found a basalt altar of Yredelemnul.
  3778 | D:3      | Succumbed to an orc wizard's poison

Illustrated notes

Levels and vault maps discovered:
D:1:      minmay_arrival_five_plusses, layout_rooms,
          shapermc_ecumenical_altar_mp_highgroup, chequers_big_river
D:2:      layout_loops_ring, serial_aquarium, aquarium_bridge_square
          [aquarium_subvault_wall, aquarium_subvault_bridge,
          aquarium_subvault_wall, aquarium_subvault_bridge],
          aquarium_window_double, aquarium_window_corridor_2, aquarium_window_1,
          aquarium_window_1, aquarium_view_2g, aquarium_balcony_double_1,
          aquarium_pool_S, uniq_terence, uniq_robin
D:3:      kennysheep_slugbush, layout_rooms, nicolae_yredelemnul_ghost_church,
          uniq_jessica
D:4:      layout_basic, pf_guarded_unrand_delatra

Skill      XL: |  1  2  3  4  5 |
---------------+----------------+-----
Axes           | 4 5 6 |  6.3
Fighting       | |  3.0
Armour         | |  1.5
Dodging        | |  1.5

Action                   |  1- 3 |  4- 6 || total
-------------------------+-------+-------++-------
Melee: Hand axe          |   115 |    92 ||   207
       Tailslap          |    14 |    15 ||    29
       Punch             |       |     3 ||     3
Invok: Berserk           |       |     4 ||     4
 Abil: Rolling Charge    |     1 |       ||     1
  Use: Potion            |       |     1 ||     1
 Stab: Sleeping          |     1 |       ||     1
Armor: Animal skin       |    22 |       ||    22
       Ring mail         |    17 |     8 ||    25
       Scale mail        |       |    10 ||    10
       Chain mail        |       |    42 ||    42
Dodge: Dodged            |    54 |    36 ||    90
